 Dungeon Crawl Stone Soup version 0.18.1-48-g4cf74bf (webtiles) character file.

65 Melfield the Ducker (level 3, -7/27 HPs)
             Began as a Felid Berserker on Aug 11, 2016.
             Was a Believer of Trog.
             Mangled by Melfield's ghost (14 damage)
             ... on level 3 of the Dungeon.
             The game lasted 00:06:46 (2207 turns).

Melfield the Ducker (Felid Berserker)               Turns: 2207, Time: 00:06:47

Health: -7/27      AC:  1    Str: 19    XL:     3   Next: 94%
Magic:  4/4        EV: 20    Int:  8    God:    Trog [**....]
Gold:   36         SH:  0    Dex: 15    Spells: 0 memorised, 2 levels left
                                        Lives:  0   Deaths: 1

rFire  . . .     SeeInvis +       - Unarmed
rCold  . . .     Gourm    .     (armour unavailable)
rNeg   . . .     Faith    .     (shield unavailable)
rPois  .         Spirit   .     (helmet unavailable)
rElec  .         Dismiss  .     (cloak unavailable)
rCorr  +         Reflect  .     (gloves unavailable)
SustAt .         Harm     .     (boots unavailable)
MR     .....                    (no amulet)
Stlth  ..........               (no ring)
                                c - ring of resist corrosion

@: berserking, very quick, not resistant to hostile enchantments, extremely
unstealthy
A: no armour, no weapons or thrown items, claws 1, fangs 3, see invisible,
carnivore 3, speed 1, shaggy fur 1, slow metabolism 1, sharp paws
a: Berserk, Trog's Hand, Burn Spellbooks, Renounce Religion


You were on level 3 of the Dungeon.
You worshipped Trog.
Trog was pleased with you.
You were not hungry.

You visited 1 branch of the dungeon, and saw 3 of its levels.

You collected 36 gold pieces.

Inventory:

Hand Weapons
 a - a +0 halberd
Armour
 g - a +2 helmet
Jewellery
 c - a ring of resist corrosion (left paw)
Scrolls
 d - a scroll of enchant weapon {unknown}
 e - a scroll of identify
 i - a scroll of immolation {unknown}
 j - a scroll of fog {unknown}
Potions
 b - a potion of cure mutation
 f - a potion of curing
 h - a potion of resistance {unknown}


   Skills:
 + Level 4.1 Fighting
 + Level 5.4 Dodging
 + Level 2.4 Stealth
 + Level 3.4 Unarmed Combat


You had 2 spell levels left.
You didn't know any spells.

Dungeon Overview and Level Annotations

Branches:
Dungeon (3/15)

Altars:

Annotations:
D:3 Melfield's ghost, amateur GrFi


Innate Abilities, Weirdness & Mutations

You cannot wear armour.
You are incapable of wielding weapons or throwing items.
You have sharp claws.
You have razor-sharp teeth.
You have supernaturally acute eyesight.
You are carnivorous and can eat meat at any time.
You cover ground quickly.
You are covered in fur (AC +1).
You have a slow metabolism.
Your sharp claws are effective at attacking unaware monsters.


Message History

You barely miss Melfield's ghost. Your claw misses Melfield's ghost.
You bite Melfield's ghost.
Melfield's ghost is lightly damaged.
Melfield's ghost hits you!
Ouch! That really hurt!
* * * LOW HITPOINT WARNING * * *
A red film seems to cover your vision as you go berserk!
You feel yourself moving faster!
You feel mighty!
You feel somewhat more hungry. Melfield's ghost closely misses you.
You are too berserk!
You claw Melfield's ghost!
Melfield's ghost is moderately damaged.
Melfield's ghost completely misses you.
You claw Melfield's ghost! Your bite misses Melfield's ghost.
Melfield's ghost is severely damaged.
You completely miss Melfield's ghost.
Melfield's ghost is severely damaged.
Melfield's ghost hits you!
Ouch! That really hurt!
You die...

######### #.......########
#.#####.....W@.#
##.#####..#####.########
#.....##..# #........#
#..##.##g.##.....#####.#
#..##.##W.##.##..# #.#
..... ###......?..........
#.# ....
#...............##.## ##.#
...#
#.#.##.#######..##.##.##.#
...##
#.#.##.......#..##.......#
.....


You could see Melfield's ghost.

Vanquished Creatures
  7 adders
  2 gnolls (D:3)
  An ooze (D:1)
  A dart slug (D:2)
  5 orcs (D:3)
  4 bats (D:2)
  A giant cockroach (D:3)
  2 goblins (D:3)
  4 hobgoblins
  2 jackals (D:2)
  5 kobolds
  2 quokkas
  A giant newt (D:2)
  5 rats
42 creatures vanquished.

Notes
Turn   | Place    | Note
--------------------------------------------------------------
     0 | D:1      | Melfield the Felid Berserker began the quest for the Orb.
     0 | D:1      | Reached XP level 1. HP: 10/10 MP: 2/2
   154 | D:2      | Reached XP level 2. HP: 2/14 MP: 3/3
   382 | D:2      | Reached XP level 3. HP: 11/17 MP: 4/4
   731 | D:2      | Reached skill level 1 in Stealth
  1068 | D:2      | Reached skill level 5 in Dodging
  1315 | D:2      | Reached XP level 4. HP: 22/22 MP: 5/5
  1744 | D:3      | Reached ** piety under Trog
  1969 | D:3      | Noticed Melfield's ghost (amateur GrFi)
  2194 | D:3      | Slain by a gnoll
  2195 | D:3      | Reached XP level 3. HP: -5/27 MP: 4/4
  2207 | D:3      | Mangled by Melfield's ghost

Skill      XL: |  1  2  3  4 |
---------------+-------------+-----
Stealth        | 1 2 |  2.4
Dodging        | 5 |  5.4
Fighting       | 4 |  4.1
Unarmed Combat | |  3.4

Action                   |  1- 3 |  4- 6 || total
-------------------------+-------+-------++-------
Melee: Unarmed           |    54 |    68 ||   122
       Bite              |     9 |     9 ||    18
       Punch             |     1 |       ||     1
Invok: Berserk           |     2 |     2 ||     4
  Use: Potion            |     2 |     1 ||     3
       Scroll            |       |     1 ||     1
 Stab: Sleeping          |     3 |     3 ||     6
  Eat: Meat ration       |       |     1 ||     1
       Beef jerky        |       |     1 ||     1
Armor: Skin              |     4 |     3 ||     7
Dodge: Dodged            |    50 |    59 ||   109
